Map: Cerulean Fall LE

Players

Jedi

  • Race: Zerg Zerg
  • League: Platinum
  • Spawn Location: 1:00

Demented - Winner!

  • Race: Zerg Zerg
  • League: Platinum
  • Spawn Location: 7:00

VOD

Have the link to the VOD?

Description

Time

  • Played on: Oct. 30, 2018, 4:37 p.m.
  • Length: 17:27
Show
View Real Time Build Order
Export as new Build Order

Jedi Zerg 

Build Orders: Pool First 

Get SALT Encoding   

  12  0:02  Drone  
  13  0:09  Drone  
  14  0:24  Overlord  
  14  0:36  Spawning Pool  
  14  0:39  Drone  
  14  0:43  Drone  
  14  0:45  Extractor  
  14  0:48  Drone  
  15  0:52  Drone  
  16  1:01  Drone  
  17  1:12  Drone  
  18  1:28  Drone  
  19  1:35  Zergling x2  
  20  1:40  Hatchery  
  20  1:46  Zergling x2  
  20  1:56  Zergling x2  
  21  2:06  Metabolic Boost  
  21  2:13  Zergling x2  
  21  2:15  Hatchery  
  21  2:16  Zergling x2  
  22  2:31  Overlord  
  22  2:47  Overlord  
  22  2:56  Zergling x4  
  24  3:00  Zergling x2  
  25  3:06  Zergling x2  
  25  3:12  Zergling x2  
  27  3:14  Zergling x2  
  28  3:30  Zergling x4  
  27  3:38  Zergling x8  
  31  3:48  Zergling x4  
  32  3:50  Zergling x2  
  32  3:52  Zergling x2  
  35  3:59  Zergling x2  
  35  4:00  Zergling x2  
  33  4:08  Zergling x4  
  32  4:12  Zergling x2  
  32  4:16  Drone, Baneling Nest  
  33  4:17  Extractor  
  33  4:19  Drone  
  33  4:20  Drone  
  34  4:24  Drone  
  34  4:28  Roach Warren  
  34  4:30  Drone  
  35  4:36  Drone x2  
  34  4:39  Drone  
  26  4:53  Zergling x4  
  26  4:54  Zergling x4  
  29  5:00  Zergling x2  
  29  5:02  Baneling  
  29  5:03  Baneling  
  30  5:07  Baneling  
  30  5:09  Drone  
  30  5:12  Baneling  
  30  5:13  Baneling  
  31  5:15  Drone  
  31  5:19  Drone  
  34  5:21  Drone  
  34  5:27  Drone  
  35  5:29  Drone  
  35  5:31  Drone  
  35  5:33  Drone  
  38  5:46  Roach x3  
  38  5:49  Roach  
  46  5:53  Roach  
  48  5:57  Overlord  
  48  6:05  Overlord  
  48  6:11  Lair  
  48  6:18  Overlord  
  48  6:23  Extractor  
  48  6:24  Drone x2  
  49  6:35  Overlord  
  49  6:36  Drone x2  
  49  6:37  Drone x3  
  49  6:38  Drone x2  
  56  6:40  Drone  
  59  6:54  Roach  
  59  6:55  Roach x2  
  59  6:58  Roach  
  65  7:06  Overlord x2  
  65  7:10  Roach  
  65  7:11  Roach  
  60  7:18  Roach  
  60  7:21  Roach  
  60  7:22  Zergling x2  
  65  7:23  Zergling x2  
  65  7:25  Spine Crawler  
  65  7:31  Roach  
  65  7:34  Roach  
  69  7:39  Burrow  
  69  7:43  Roach x2  
  73  7:45  Roach  
  73  7:46  Roach  
  77  7:53  Roach x2  
  81  7:58  Overlord  
  81  8:05  Glial Reconstitution  
  81  8:06  Drone  
  82  8:13  Drone, Extractor  
  82  8:16  Overlord  
  82  8:17  Overlord  
  82  8:25  Pneumatized Carapace  
  82  8:27  Drone x2  
  82  8:29  Roach x2  
  82  8:32  Roach  
  90  8:36  Roach  
  91  8:47  Roach x2  
  95  8:49  Roach  
  95  8:59  Roach x2  
  95  9:01  Roach  
  95  9:02  Roach  
  91  9:05  Roach  
  83  9:11  Roach  
  83  9:13  Roach  
  71  9:23  Roach  
  71  9:24  Roach x2  
  71  9:27  Overlord  
  73  9:31  Zergling x2  
  73  9:32  Zergling x2  
  73  9:33  Zergling x2  
  76  9:40  Overlord  
  76  9:41  Hatchery  
  75  9:51  Zergling x2  
  75  9:52  Zergling x2  
  77  9:54  Baneling x5  
  77  9:55  Baneling  
  77  9:59  Roach x2  
  81  10:01  Roach  
  81  10:02  Roach  
  85  10:09  Zergling x2  
  85  10:13  Hatchery  
  85  10:17  Hatchery  
  85  10:18  Zergling x2  
  85  10:20  Zergling x2  
  85  10:21  Zergling x4  
  88  10:28  Roach  
  86  10:34  Zergling x4  
  86  10:35  Zergling x2  
  89  10:38  Baneling x2  
  89  10:43  Queen  
  89  10:44  Zergling x2  
  94  10:50  Roach  
  94  10:51  Roach x2  
  94  10:52  Zergling x2  
  99  10:59  Zergling x4  
  99  11:00  Zergling x2  
  102  11:04  Baneling x5  
  102  11:05  Hatchery, Baneling x2  
  102  11:07  Baneling x2  
  102  11:09  Drone  
  102  11:13  Overlord  
  102  11:23  Drone  
  102  11:24  Drone  
  105  11:25  Drone  
  105  11:26  Zergling x4  
  105  11:32  Zergling x2  
  108  11:33  Zergling x4  
  108  11:38  Zergling x4  
  112  11:42  Zergling x2  
  112  11:44  Zergling x4  
  115  11:48  Zergling x2  
  116  11:54  Zergling x2  
  116  11:55  Zergling x4  
  116  11:56  Zergling x2  
  116  11:59  Drone  
  121  12:01  Baneling x4  
  121  12:07  Drone  
  121  12:08  Hydralisk Den  
  121  12:15  Zergling x2  
  121  12:16  Zergling x2  
  121  12:18  Drone  
  124  12:23  Baneling  
  124  12:24  Hatchery, Baneling x4  
  123  12:37  Drone, Hydralisk Den  
  123  12:38  Drone  
  124  12:45  Drone, Evolution Chamber  
  124  12:46  Drone  
  124  12:48  Drone  
  124  12:50  Extractor  
  125  12:56  Drone, Spine Crawler  
  125  12:57  Drone  
  126  12:59  Drone  
  126  13:04  Extractor  
  126  13:05  Roach  
  128  13:06  Roach  
  128  13:12  Evolution Chamber, Zerg Missile Weapons Level 1  
  129  13:15  Hydralisk  
  131  13:20  Grooved Spines  
  131  13:23  Hydralisk  
  131  13:26  Hydralisk  
  135  13:37  Drone x3  
  135  13:39  Overlord  
  138  13:43  Overlord  
  138  13:45  Drone  
  139  13:50  Drone  
  139  13:51  Spine Crawler  
  139  13:57  Hydralisk x2  
  139  14:01  Hydralisk  
  145  14:04  Hydralisk  
  140  14:15  Hydralisk x2  
  121  14:17  Roach x2  
  121  14:21  Roach  
  121  14:22  Roach  
  120  14:31  Muscular Augments  
  120  14:35  Hydralisk x2  
  120  14:37  Hydralisk  
  120  14:38  Hydralisk  
  116  14:40  Hydralisk  
  113  14:48  Hydralisk x2  
  116  14:54  Hydralisk  
  116  14:55  Hydralisk  
  114  15:12  Hydralisk x3  
  114  15:13  Hydralisk x2  
  106  15:15  Drone  
  106  15:17  Drone  
  106  15:18  Drone  
  95  15:24  Hydralisk  
  95  15:25  Hydralisk  
  95  15:27  Drone  
  100  15:29  Drone  
  100  15:35  Hydralisk  
  103  15:38  Hydralisk  
  103  15:40  Drone  
  106  15:45  Drone x2  
  106  15:46  Drone  
  106  15:49  Spore Crawler  
  108  15:51  Hydralisk  
  108  15:55  Drone x2  
  112  15:59  Spore Crawler  
  111  16:06  Hydralisk  
  62  16:12  Hydralisk x2  
  62  16:14  Hydralisk  
  62  16:18  Hydralisk  
  62  16:22  Roach  
  64  16:25  Drone  
  64  16:26  Drone  
  63  16:40  Spore Crawler, Spine Crawler  
  58  16:47  Spore Crawler  
  54  16:54  Roach  
  54  16:55  Roach  
  54  16:58  Roach  
  60  17:03  Roach  
  60  17:05  Roach  
  60  17:08  Roach  
Show
View Real Time Build Order
Export as new Build Order

Demented Zerg - Winner!

Build Orders: Pool First 

Get SALT Encoding   

  12  0:01  Drone  
  13  0:18  Drone, Overlord  
  14  0:36  Drone x2  
  16  0:43  Drone  
  17  1:08  Drone x2  
  19  1:12  Overlord, Extractor, Spawning Pool  
  17  1:24  Overlord  
  17  1:39  Drone  
  18  1:44  Hatchery  
  18  1:46  Drone  
  18  1:55  Drone  
  19  2:05  Zergling x2  
  20  2:12  Metabolic Boost  
  20  2:17  Zergling x2  
  21  2:28  Queen  
  24  2:30  Zergling x2  
  24  2:37  Baneling Nest  
  24  2:42  Zergling x2  
  24  2:48  Zergling x2  
  25  2:57  Zergling x2  
  26  3:06  Zergling x2  
  26  3:08  Drone, Hatchery  
  26  3:10  Zergling x2  
  28  3:20  Zergling x2  
  28  3:21  Zergling x2  
  28  3:26  Lair  
  30  3:30  Zergling x2  
  30  3:34  Baneling  
  30  3:36  Zergling x2  
  30  3:41  Zergling x2  
  32  3:43  Zergling x2  
  32  3:46  Zergling x2  
  34  3:54  Baneling  
  34  3:55  Baneling  
  34  3:57  Drone x2  
  35  4:04  Zergling x4  
  35  4:07  Zergling x2  
  38  4:14  Baneling x3  
  38  4:16  Drone  
  39  4:20  Drone  
  40  4:26  Drone  
  40  4:27  Drone  
  42  4:37  Zergling x6  
  33  4:51  Zergling x6  
  33  4:52  Zergling x4  
  37  4:53  Zergling x2  
  37  4:57  Zergling x2  
  37  4:58  Zergling x2  
  39  5:05  Centrifical Hooks  
  39  5:08  Drone  
  40  5:16  Drone x3  
  43  5:25  Queen  
  45  5:31  Drone  
  46  5:36  Zergling x6  
  46  5:37  Baneling  
  46  5:38  Spore Crawler, Baneling  
  48  5:43  Drone  
  48  5:46  Overlord  
  49  5:51  Baneling  
  49  5:54  Overlord x2  
  49  5:57  Overlord  
  49  6:08  Drone x2  
  49  6:10  Queen  
  53  6:17  Drone x3  
  53  6:18  Drone x2  
  58  6:21  Extractor  
  58  6:22  Extractor  
  58  6:24  Zergling x2  
  58  6:25  Baneling  
  57  6:26  Zergling x4  
  59  6:35  Zergling x2  
  59  6:36  Zergling x2, Baneling  
  59  6:38  Zergling x6  
  64  6:42  Drone x2  
  67  6:54  Drone x3  
  67  6:55  Drone x3  
  67  6:57  Overlord  
  56  7:18  Zergling x4  
  56  7:19  Zergling x14  
  59  7:24  Zergling x2  
  58  7:31  Zergling x8  
  58  7:32  Zergling x2  
  63  7:43  Overlord  
  63  7:44  Overlord  
  63  7:46  Zergling x2  
  64  7:52  Hatchery  
  64  7:57  Zergling x6  
  64  7:58  Zergling x10  
  71  8:08  Zergling x6  
  71  8:09  Zergling x2  
  75  8:19  Hydralisk Den  
  74  8:28  Zergling x2  
  74  8:29  Zergling x18  
  74  8:30  Baneling x4  
  84  8:37  Evolution Chamber  
  83  8:44  Roach Warren  
  83  8:48  Evolution Chamber  
  81  8:53  Spine Crawler  
  78  9:00  Zergling x10  
  78  9:01  Zergling x6  
  72  9:06  Zergling x4  
  72  9:07  Zergling x2  
  66  9:12  Zergling x6  
  63  9:18  Zergling x6  
  65  9:25  Roach x2  
  65  9:27  Drone x2  
  71  9:35  Drone x2  
  71  9:36  Drone x2  
  71  9:37  Drone  
  76  9:41  Baneling x3  
  76  9:42  Baneling  
  76  9:44  Baneling  
  76  9:48  Zergling x4  
  78  10:01  Zerg Missile Weapons Level 1  
  78  10:04  Zerg Melee Weapons Level 1  
  78  10:05  Glial Reconstitution  
  78  10:06  Roach x2  
  59  10:28  Hydralisk x3  
  59  10:29  Hydralisk x5  
  59  10:31  Zergling x2  
  59  10:35  Drone x2  
  78  10:36  Zergling x2  
  78  10:41  Muscular Augments  
  79  10:46  Drone x3  
  79  10:47  Drone x2  
  84  10:50  Hydralisk  
  84  10:54  Hydralisk  
  88  11:00  Queen  
  90  11:11  Zergling x4  
  92  11:14  Hatchery  
  91  11:28  Queen  
  91  11:30  Roach x7  
  91  11:32  Zergling x4  
  109  11:36  Drone x2  
  111  11:43  Overlord x3  
  110  12:12  Spire  
  110  12:13  Spine Crawler  
  108  12:15  Grooved Spines  
  108  12:17  Roach x2  
  108  12:18  Roach x8  
  108  12:19  Roach x3  
  108  12:20  Zerg Missile Weapons Level 2  
  134  12:23  Zerg Ground Armor Level 1  
  134  12:25  Overlord  
  134  12:29  Overlord  
  134  12:31  Overlord  
  134  12:37  Baneling x9  
  134  12:38  Baneling x2  
  134  12:40  Zergling x2  
  135  12:51  Overlord  
  135  12:53  Hydralisk  
  135  12:57  Hatchery  
  135  12:58  Overlord  
  136  13:05  Zergling x12  
  142  13:23  Zergling x2  
  142  13:24  Zergling x24  
  155  13:48  Mutalisk  
  155  13:49  Mutalisk x5  
  150  14:11  Zergling x2  
  150  14:12  Zergling x8  
  150  14:14  Mutalisk x2  
  134  14:22  Mutalisk  
  120  14:29  Mutalisk  
  92  14:40  Zergling x2  
  92  14:41  Zergling x14  
  92  14:43  Zergling x4, Roach x3  
  92  14:44  Zergling x6  
  94  14:52  Zergling x4  
  96  14:57  Zergling x4  
  98  15:06  Drone x3  
  98  15:07  Drone x3  
  95  15:16  Zergling x8  
  99  15:22  Zergling x2  
  99  15:24  Zergling x4  
  99  15:25  Queen  
  99  15:26  Queen  
  101  15:36  Zergling x2  
  101  15:37  Zergling x14  
  101  15:38  Zergling x2, Baneling x4  
  101  15:39  Baneling x3  
  101  15:41  Baneling  
  101  15:42  Baneling x7  
  110  15:43  Baneling x4  
  110  15:44  Zergling x2  
  110  15:48  Mutalisk  
  110  15:49  Zergling x2  
  94  16:13  Zergling x12  
  94  16:14  Zergling x6  
  94  16:16  Zergling x6  
  94  16:17  Zergling x4  
  106  16:18  Zergling x2  
  106  16:20  Zergling x2  
  108  16:33  Zergling x10  
  111  16:42  Drone x7  
  111  16:43  Drone x2  
  111  16:46  Zergling x4  
  122  16:47  Baneling x7  
  122  16:48  Baneling  
  122  16:53  Hatchery  
  121  16:57  Baneling x8  
Tags
 
Add a new tag
Caveats
  • Supply blocks, unpowered buildings, or Contaminate may cause inaccurate times.
  • Supply counts are checked every 10 seconds.